 Dungeon Crawl Stone Soup version 0.28.0 (webtiles) character file.

Game seed: 14561836545661689000

368 Hasart the Slasher (level 6, -1/51 HPs)
             Began as a Demigod Fighter on Feb 13, 2022.
             Slain by Edmund (10 damage)
             ... on level 4 of the Dungeon.
             The game lasted 00:10:08 (4956 turns).

Hasart the Slasher (Demigod Fighter)                Turns: 4956, Time: 00:10:09

Health: -1/51      AC:  7    Str: 17    XL:     6   Next: 17%
Magic:  8/8        EV: 10    Int: 10    God:
Gold:   70         SH:  6    Dex: 21    Spells: 5/5 levels left

rFire   . . .      SeeInvis +   l - +0 scimitar
rCold   . . .      Faith    .   c - +0 buckler
rNeg    . . .      Spirit   .   b - +1 scale mail
rPois   .          Reflect  .   (no helmet)
rElec   .          Harm     .   (no cloak)
rCorr   .          Rampage  .   (no gloves)
Will    .....                   (no boots)
Stlth   ..........              (no amulet)
HPRegen 0.17/turn               f - ring of see invisible
MPRegen 0.11/turn               (no ring)

@: mighty
A: high MP 1, forlorn, divine attributes
a: no special abilities


You were on level 4 of the Dungeon.
You visited 1 branch of the dungeon, and saw 4 of its levels.

You collected 114 gold pieces.
You spent 44 gold pieces at shops.

Inventory:

Hand Weapons
 a - a +0 long sword
 l - a +0 scimitar (weapon)
Armour
 b - a +1 scale mail (worn)
 c - a +0 buckler (worn)
Jewellery
 f - a ring of see invisible (left hand)
Scrolls
 e - 2 scrolls of teleportation {unknown}
 h - a scroll of amnesia {unknown}
 i - 5 scrolls of enchant armour
Potions
 j - a potion of flight


   Skills:
 + Level 3.5 Fighting
 * Level 3.7 Long Blades
 + Level 1.8 Throwing
 + Level 3.4 Armour
 + Level 1.9 Dodging
 + Level 3.5 Shields


You had 5 spell levels left.
You didn't know any spells.
Your spell library was empty.

Dungeon Overview and Level Annotations

Branches:
Dungeon (4/15)             Temple (0/1) D:4

Shops:
D:1 (

Annotations:
D:3 1 runed translucent door, Crazy Yiuf
D:4 Edmund


Innate Abilities, Weirdness & Mutations

You have an increased reservoir of magic. (+10% MP)
You shall have no god before yourself.
Your divine heritage dramatically boosts your attributes as you level up.


Message History

Edmund throws a stone.
The stone hits you.
Edmund throws a stone.
You block the stone.
Press: ? - help, v - describe, . - travel
Here: Edmund, wielding a +0 vorpal flail, wearing a +0 ring mail and quivering stones (poisoned)
The floor.
You closely miss Edmund.
Edmund looks more healthy.
Edmund hits you but does no damage.
You closely miss Edmund. Edmund misses you.
Edmund hits you with a +0 vorpal flail.
You barely miss Edmund. Edmund hits you with a +0 vorpal flail.
You barely miss Edmund. Edmund hits you with a +0 vorpal flail.
You hit Edmund but do no damage. Edmund hits you but does no damage.
You hit Edmund but do no damage. Edmund hits you but does no damage.
Edmund hits you with a +0 vorpal flail.
You closely miss Edmund. Edmund hits you but does no damage.
You closely miss Edmund. Edmund barely misses you.
You feel very mighty all of a sudden. Edmund hits you with a +0 vorpal flail.
You slash Edmund!
Edmund is moderately wounded.
Edmund hits you with a +0 vorpal flail. Edmund hits you with a +0 vorpal flail!
You hit Edmund.
Edmund is moderately wounded.
Edmund hits you but does no damage.
You slash Edmund!
Edmund is severely wounded.
Edmund hits you but does no damage.
You hit Edmund.
Edmund is severely wounded.
Edmund hits you with a +0 vorpal flail.
* * * LOW HITPOINT WARNING * * *
x2 You hit Edmund.
Edmund is almost dead.
Edmund hits you with a +0 vorpal flail.
* * * LOW HITPOINT WARNING * * *
x2 You hit Edmund.
Edmund is almost dead.
Edmund says, "People think my brother is the best.
I think he's crazy."
Edmund hits you with a +0 vorpal flail!
You die...

...######.....#...###...##.......
........'.....#..................
........#.....#..................
........#.....#..................
.####+###.....##'###....##.......
'#........#####...##....##.......
.#........#........#....'........
.'........#........#....#........
.#........'..(.@@..'....#........
##).......######..###...##.......
....###### #### #...##.......
....# ............. ....#
............. .<..# .............
....# ............. ##+##
............. #+####@......


You could see Edmund.

Vanquished Creatures
  A bullfrog zombie (D:3)
  A jelly (D:3)
  An orc priest (D:4)
  2 iguanas
  3 orc wizards
  4 adders
  3 worms (D:2)
  3 dart slugs
  11 orcs
  6 bats
  4 endoplasms
  3 giant cockroaches (D:3)
  5 goblins
  6 hobgoblins
  14 jackals
  5 kobolds
  A quokka (D:1)
  7 ball pythons
  2 frilled lizards (D:2)
  6 rats
88 creatures vanquished.

Notes
Turn   | Place    | Note
-------+----------+-------------------------------------------
     0 | D:1      | Hasart the Demigod Fighter began the quest for the Orb.
     0 | D:1      | Reached XP level 1. HP: 18/18 MP: 3/3
    43 | D:1      | Found Yruahu's Weapon Emporium.
   341 | D:1      | Reached XP level 2. HP: 17/25 MP: 4/4
   798 | D:2      | Reached XP level 3. HP: 30/30 MP: 5/5
  1512 | D:2      | Reached skill level 1 in Dodging
  2173 | D:2      | Reached XP level 4. HP: 38/38 MP: 6/6
  2279 | D:1      | Bought a +0 scimitar for 44 gold pieces
  2626 | D:3      | Reached skill level 1 in Throwing
  3134 | D:3      | Reached XP level 5. HP: 13/45 MP: 7/7
  3814 | D:3      | Found a runed translucent door.
  3815 | D:3      | Noticed Crazy Yiuf
  4004 | D:4      | Noticed Edmund
  4812 | D:4      | Reached XP level 6. HP: 36/51 MP: 8/8
  4904 | D:4      | Found a staircase to the Ecumenical Temple.
  4956 | D:4      | Slain by Edmund

Illustrated notes

Levels and vault maps discovered:
D:1:      tarquinn_simple_flora_water_b, layout_rooms, serial_shops,
          nicolae_shop_advertising_works [nicolae_subvault_shop_adworks],
          shapermc_ecumenical_altar_hornbeckon
D:2:      layout_loops_ring
D:3:      layout_loops_corners, nicolae_gozag_cash_rules_everything_around_me,
          uniq_crazy_yiuf_cottage
D:4:      layout_gridville, nicolae_ru_great_annihilating_truth,
          minmay_temple_entry_trees, uniq_edmund, uniq_robin

Skill      XL: |  1  2  3  4 |
---------------+-------------+-----
Long Blades    | 2 3 |  3.7
Fighting       | 3 |  3.5
Shields        | 3 |  3.5
Dodging        | 1 |  1.9
Armour         | 3 |  3.4
Throwing       | 1 |  1.8

Action                   |  1- 3 |  4- 6 || total
-------------------------+-------+-------++-------
Melee: Long sword        |   122 |     5 ||   127
       Scimitar          |       |   193 ||   193
Throw: Dart              |    12 |     2 ||    14
  Use: Scroll            |       |     4 ||     4
       Potion            |       |     1 ||     1
 Stab: Paralysed         |       |     1 ||     1
Armor: Scale mail        |    46 |    93 ||   139
Dodge: Dodged            |    55 |    94 ||   149
Block: Buckler           |    34 |    55 ||    89
